 Dungeon Crawl Stone Soup version 0.23.2-33-g5129a83184 (webtiles) character file.

Game seed: 11435465360970938821

3971 Atelerd the Thaumaturge (level 10, -2/56 HPs)
             Began as an Octopode Conjurer on July 15, 2019.
             Was a Believer of Sif Muna.
             Slain by an unseen horror (10 damage)
             ... on level 10 of the Dungeon.
             The game lasted 00:22:09 (13118 turns).

Atelerd the Thaumaturge (Octopode Conjurer)        Turns: 13118, Time: 00:22:10

Health: -2/56      AC:  1    Str:  8    XL:     10   Next: 22%
Magic:  12/23      EV: 16    Int: 21    God:    Sif Muna [**....]
Gold:   587        SH:  6    Dex: 12    Spells: 12/27 levels left

rFire    . . .     SeeInvis .   m - +4 dagger (pain)
rCold    . . .     Gourm    .   D - +2 buckler
rNeg     . . .     Faith    .   (helmet restricted)
rPois    +         Spirit   .   (no amulet)
rElec    .         Reflect  .   d - ring of poison resistance
rCorr    .         Harm     .   p - +3 ring of evasion
MR       +....                  q - ring of protection from magic
Stlth    +++.......             u - +5 ring of slaying
HPRegen  0.18/turn              (no ring)
MPRegen  0.18/turn              (no ring)
                                (no ring)
                                (no ring)

@: no status effects
A: almost no armour, stealthy swim, amphibious, 8 rings, constrict 8, camouflage
1, gelatinous body 1
a: Divine Energy, Renounce Religion


You were on level 10 of the Dungeon.
You worshipped Sif Muna.
Sif Muna was pleased with you.
You were not hungry.

You visited 2 branches of the dungeon, and saw 11 of its levels.

You collected 587 gold pieces.

Inventory:

Hand Weapons
 a - a +1 dagger of speed
 m - a +4 dagger of pain (weapon)
 E - a +0 spear of flaming
 G - a +1 dagger of venom
Missiles
 k - 2 poisoned tomahawks (quivered)
Armour
 D - a +2 buckler (worn)
Jewellery
 d - a ring of poison resistance (left tentacle)
 p - a +3 ring of evasion (right tentacle)
 q - a ring of protection from magic (on tentacle)
 u - a +5 ring of slaying (on tentacle)
Wands
 r - a wand of iceblast (3)
 t - a wand of acid (11)
 w - a wand of disintegration (9)
 A - a wand of flame (7)
Scrolls
 c - 6 scrolls of teleportation
 e - 2 scrolls of fog
 f - 2 scrolls of enchant weapon
 h - a scroll of fear
 i - 5 scrolls of remove curse
 n - a scroll of immolation
 x - a scroll of enchant armour
 y - a scroll of noise {unknown}
 B - a scroll of magic mapping
 F - a scroll of blinking {unknown}
Potions
 g - a potion of berserk rage
 j - a potion of ambrosia
 l - 2 potions of degeneration
 o - 3 potions of might {unknown}
 s - a potion of curing {unknown}
 v - a potion of cancellation
 z - a potion of invisibility
 C - 3 potions of heal wounds {unknown}
Comestibles
 b - 7 rations


   Skills:
 - Level 2.0 Dodging
 - Level 2.6 Stealth
 * Level 3.6 Shields
 * Level 9.0 Spellcasting
 + Level 7.8 Conjurations
 - Level 4.0 Summonings
 - Level 4.5 Translocations
 - Level 4.0 Air Magic


You had 12 spell levels left.
You knew the following spells:

 Your Spells              Type           Power        Failure   Level  Hunger
a - Magic Dart            Conj           ####         1%          1    None
b - Iskenderun's Mystic   Conj           #####...     3%          4    ##.....
c - Force Lance           Conj/Tloc      #####...     6%          4    ##.....
d - Shroud of Golubria    Chrm/Tloc      ###.......   4%          2    None
e - Summon Lightning Spi  Summ/Air       ####....     14%         4    ##.....

Your spell library contained the following spells:

 Spells                   Type           Power        Failure   Level  Hunger
 Searing Ray              Conj           #####.       1%          2    None
 Dazzling Spray           Conj/Hex       ####..       4%          3    None
 Infusion                 Chrm           #...         8%          1    None
 Song of Slaying          Chrm           #.......     11%         2    None
 Fulminant Prism          Conj/Hex       ####......   14%         4    ##.....
 Sticky Flame             Conj/Fire      ####....     14%         4    ##.....
 Regeneration             Chrm/Necr      #.........   22%         3    None
 Spectral Weapon          Hex/Chrm       #.......     22%         3    None
 Aura of Abjuration       Summ           ####......   36%         5    #####..
 Malign Gateway           Summ/Tloc      ####......   100%        7    #######


Dungeon Overview and Level Annotations

Branches:
Dungeon (10/15)            Temple (1/1) D:6
   Lair: D:8-11         Orc: D:9-12

Altars:
Ashenzari
Cheibriados
Gozag
Hepliaklqana
Kikubaaqudgha
Makhleb
Nemelex Xobeh
Qazlal
Ru
Sif Muna
Trog
Vehumet
Wu Jian
Xom

Shops:
D:5 [

Annotations:
D:2 exclusion: downstairs
D:3 exclusion: 2 downstairs
D:5 exclusion: downstairs
D:8 exclusion: downstairs, PeSeC's ghost, novice MiFi; Thargor's ghost, novice DDFi
D:9 exclusion: downstairs


Innate Abilities, Weirdness & Mutations

You cannot wear most types of armour.
You are very stealthy in the water. (Stealth+)
You are amphibious.
You can wear up to eight rings at the same time.
You can use your tentacles to constrict eight enemies at once.
Your skin changes colour to match your surroundings (Stealth+).
Your rubbery body absorbs attacks. (AC +1, EV +1)


Message History

Confirm with . or Enter, or press ? or * to list all spells.
Aiming: Iskenderun's Mystic Blast (safe; 3% risk of failure)
Press: ? - help, Shift-Dir - straight line The orb of energy hits something!
The orb of energy explodes!
Something hits you but does no damage. Something hits you! Something hits you.
Casting: Iskenderun's Mystic Blast (safe; 3% risk of failure)
Confirm with . or Enter, or press ? or * to list all spells.
Aiming: Iskenderun's Mystic Blast (safe; 3% risk of failure)
Press: ? - help, Shift-Dir - straight line, f - you
Okay, then.
Casting: Iskenderun's Mystic Blast (safe; 3% risk of failure)
Confirm with . or Enter, or press ? or * to list all spells.
Aiming: Force Lance (safe; 6% risk of failure)
Press: ? - help, Shift-Dir - straight line The lance of force hits something.
Something hits you. Something hits you!
* * * LOW HITPOINT WARNING * * *
Something hits you!
* * * LOW HITPOINT WARNING * * *
Something hits you!
You die...

#### ####.#..### ####...
.....## #......##.....#
.......#...#
..........#.......##
S....$...(.#....@...##
#....................####
..........###.#.........##
....$......###...........#
#..=........####........##
............#.....>.....#
.......?(................#
.%...?....<{...............
........#S.################.


There were no monsters in sight!

Vanquished Creatures
  A troll (D:9)
  A spriggan (D:7)
  A vampire (D:9)
  3 yaks (D:8)
  A steam dragon (D:10)
  A hungry ghost (D:8)
  An ice beast (D:5)
  2 orc warriors
  A phantom (D:5)
  4 ogres
  6 centaurs
  A gnoll sergeant (D:9)
  2 bullfrogs
  2 howler monkeys (D:4)
  4 crimson imps
  A bullfrog zombie (D:9)
  4 orc priests
  A centaur skeleton (D:5)
  5 hounds
  8 orc wizards
  2 quasits
  2 bullfrog skeletons
  2 iguanas
  Ijyb (D:4)
  5 worker ants
  2 hound zombies (D:7)
  A hound skeleton (D:5)
  A howler monkey zombie (D:6)
  Robin (D:4)
  11 adders
  4 gnolls (D:9)
  2 shadow imps
  A white imp (D:9)
  3 oozes
  2 adder skeletons (D:8)
  4 worms
  5 dart slugs
  6 leopard geckos
  26 orcs
  2 ball pythons
  3 bats
  5 giant cockroaches
  16 goblins
  8 hobgoblins
  13 jackals
  4 quokkas
  5 frilled lizards
  6 kobolds
  A quokka skeleton (D:4)
  7 rats
201 creatures vanquished.

Notes
Turn   | Place    | Note
-------+----------+-------------------------------------------
     0 | D:1      | Atelerd the Octopode Conjurer began the quest for the Orb.
     0 | D:1      | Reached XP level 1. HP: 11/11 MP: 3/3
   422 | D:1      | Reached XP level 2. HP: 17/17 MP: 0/5
   582 | D:1      | Reached XP level 3. HP: 9/21 MP: 2/7
   889 | D:1      | Reached skill level 3 in Spellcasting
  1734 | D:2      | Reached XP level 4. HP: 23/27 MP: 6/9
  2619 | D:3      | Learned a level 4 spell: Iskenderun's Mystic Blast
  2624 | D:3      | Learned a level 4 spell: Force Lance
  2832 | D:3      | Noticed a hippogriff
  3016 | D:3      | Found a shimmering altar of Xom.
  3081 | D:3      | Reached XP level 5. HP: 31/31 MP: 10/10
  3106 | D:3      | Reached skill level 4 in Spellcasting
  3156 | D:3      | Found an ancient bone altar of Kikubaaqudgha.
  3278 | D:4      | Reached skill level 5 in Conjurations
  3447 | D:4      | Noticed Ijyb
  3452 | D:4      | Killed Ijyb
  3468 | D:4      | Noticed Robin
  3478 | D:4      | Reached XP level 6. HP: 22/36 MP: 6/13
  3793 | D:4      | Killed Robin
  3965 | D:4      | Found a stormy altar of Qazlal.
  4236 | D:4      | Reached skill level 5 in Spellcasting
  4386 | D:4      | Found a snail-covered altar of Cheibriados.
  4386 | D:4      | Found a shattered altar of Ashenzari.
  4388 | D:4      | Found an ornate altar of the Wu Jian Council.
  4388 | D:4      | Found a radiant altar of Vehumet.
  4393 | D:4      | Reached XP level 7. HP: 41/41 MP: 13/15
  4655 | D:5      | Entered Level 5 of the Dungeon
  4659 | D:5      | Reached skill level 1 in Translocations
  4863 | D:5      | Reached skill level 6 in Spellcasting
  5139 | D:5      | Identified the Compendium of Summoning and Battle Magic
  5151 | D:5      | Learned a level 2 spell: Shroud of Golubria
  5156 | D:5      | Learned a level 4 spell: Summon Lightning Spire
  5346 | D:5      | Found Cidaack's Antique Armour Emporium.
  5355 | D:5      | Reached XP level 8. HP: 39/46 MP: 4/17
  5385 | D:5      | Reached skill level 1 in Summonings
  5560 | D:5      | Reached skill level 1 in Air Magic
  6030 | D:6      | Found a burning altar of Makhleb.
  6237 | D:5      | Reached skill level 7 in Spellcasting
  6439 | D:6      | Found the +8 orange crystal plate armour {Archmagi, Int+3
                  | Clar}
  6797 | D:6      | Found a staircase to the Ecumenical Temple.
  6972 | Temple   | Entered the Ecumenical Temple
  7034 | Temple   | Became a worshipper of Sif Muna the Loreminder
  7788 | D:7      | Noticed a spriggan baker
  7791 | D:7      | Killed a spriggan baker
  7791 | D:7      | Reached XP level 9. HP: 27/51 MP: 11/20
  8416 | D:8      | Reached * piety under Sif Muna
  8760 | D:8      | Found a runed translucent door.
  8760 | D:8      | Noticed PeSeC's ghost (novice MiFi)
  8896 | D:8      | Reached skill level 8 in Spellcasting
  9469 | D:8      | Found a sacrificial altar of Ru.
  9915 | D:9      | Reached skill level 1 in Shields
 10115 | D:9      | Found a large runed translucent door.
 10115 | D:9      | Found a large runed translucent door.
 10115 | D:9      | Noticed Thargor's ghost (novice DDFi)
 10342 | D:9      | Reached ** piety under Sif Muna
 11053 | D:9      | Got a pitted chain mail
 11070 | D:9      | Noticed a troll
 11074 | D:9      | Killed a troll
 11074 | D:9      | Reached XP level 10. HP: 56/56 MP: 9/22
 12483 | D:10     | Entered Level 10 of the Dungeon
 12485 | D:10     | Noticed a cyclops
 12799 | D:10     | Reached skill level 9 in Spellcasting
 13118 | D:10     | Slain by an unseen horror

Skill      XL: |  1  2  3  4  5  6  7  8  9 10 |
---------------+-------------------------------+-----
Spellcasting   | 3 4 5 6 7 8 9 |  9.0
Conjurations   | 5 6 7 |  7.8
Translocations | 2 3 4 |  4.5
Summonings     | 2 4 |  4.0
Air Magic      | 2 4 |  4.0
Shields        | 2 3 |  3.6
Dodging        | |  2.0
Stealth        | |  2.6

Action                   |  1- 3 |  4- 6 |  7- 9 | 10-12 || total
-------------------------+-------+-------+-------+-------++-------
Melee: Dagger            |    54 |   105 |   167 |    16 ||   342
       Constrict         |    15 |    27 |    37 |     2 ||    81
       Unarmed           |     3 |       |       |       ||     3
       Tentacles         |     9 |     9 |    22 |     1 ||    41
 Cast: Magic Dart        |    27 |    32 |    10 |    11 ||    80
       Iskenderun's Myst |       |    11 |    67 |    30 ||   108
       Force Lance       |       |     3 |    13 |    13 ||    29
       Summon Lightning  |       |       |     1 |     1 ||     2
       Shroud of Golubri |       |       |       |     1 ||     1
Invok: Divine Energy     |       |       |       |     3 ||     3
       Stop Divine Energ |       |       |       |     3 ||     3
  Use: Potion            |     2 |       |     3 |       ||     5
       Scroll            |       |       |     9 |       ||     9
 Stab: Sleeping          |    10 |    10 |    13 |       ||    33
       Distracted        |       |     1 |       |       ||     1
  Eat: Chunk             |     1 |     6 |    25 |     4 ||    36
       Ration            |       |     2 |     2 |     1 ||     5
Armor: Skin              |     8 |     3 |     6 |     1 ||    18
Dodge: Dodged            |    36 |    80 |   113 |    19 ||   248
Block: Buckler           |       |       |     5 |    11 ||    16
